 Dungeon Crawl Stone Soup version 0.23-b1-84-g6588a6b (webtiles) character file.

Game seed: 3790888365502241852

172436 dvd the Severer (level 17, -4/160 HPs)
             Began as a Hill Orc Monk on Feb 6, 2019.
             Was the Champion of Beogh.
             Slain by a merfolk impaler
             ... wielding a +0 trident
              (9 damage)
             ... on level 4 of the Shoals on Feb 7, 2019.
             The game lasted 02:50:35 (29061 turns).

dvd the Severer (Hill Orc Monk)                    Turns: 29061, Time: 02:50:36

Health: -4/160     AC: 17    Str: 23    XL:     17   Next: 74%
Magic:  24/26      EV: 19    Int: 19    God:    Beogh [******]
Gold:   1770       SH: 28    Dex: 28    Spells: 19/29 levels left

rFire    . . .     SeeInvis .   a - +12 war axe "Esikh" {chop, Dex+4}
rCold    + . .     Gourm    .   s - +7 large shield
rNeg     + . .     Faith    .   f - +4 robe of Augmentation {Str+4 Int+4 Dex+4}
rPois    +         Spirit   .   (helmet restricted)
rElec    .         Reflect  .   G - +2 cloak {rPois}
rCorr    .         Harm     .   H - +2 pair of gloves {Dex+3}
MR       ++...                  l - +1 pair of boots {Fly}
Stlth    +++++.....             d - amulet "Itivi" {+Rage Dex+3}
HPRegen  0.36/turn              J - ring of protection from magic
MPRegen  0.20/turn              N - ring "Rehohuw" {rC+ rN+ Int+4}

@: about to teleport, marked, flying, mesmerised, studying Fighting
A: walk on water, horns 1, yellow scales 1, wild magic 1
}: 1/15 runes: serpentine
a: Smiting, Recall Orcish Followers, Give Item to Named Follower, Resurrection,
Renounce Religion, Evoke Berserk Rage


You were on level 4 of the Shoals.
You worshipped Beogh.
Beogh was exalted by your worship.
You were not hungry.

You visited 5 branches of the dungeon, and saw 31 of its levels.
You also visited: Gauntlet and Ice Cave.

You collected 3053 gold pieces.
You spent 1283 gold pieces at shops.

Inventory:

Hand Weapons
 a - the +12 war axe "Esikh" (weapon) {chop, Dex+4}
   (You bought it in a shop on level 2 of the Orcish Mines)

   It inflicts extra damage upon your enemies.
   It affects your dexterity (+4).
 b - a +5 war axe of flaming
 E - a +4 trident of freezing
 Q - a +3 vampiric glaive
Missiles
 q - 20 poisoned javelins (quivered)
 y - 20 javelins
Armour
 f - the +4 robe of Augmentation (worn) {Str+4 Int+4 Dex+4}
   (You took it off a meliai on level 13 of the Dungeon)

   It affects your strength (+4).
   It affects your intelligence (+4).
   It affects your dexterity (+4).
 j - the +3 salamander hide armour {+Rage rF++}
   (You found it in a Gauntlet)

   It greatly protects you from fire.
   It lets you go berserk.
 l - a +1 pair of boots of flying (worn)
 p - the +2 leather armour of Guahumem {+Blink Int+4}
   (You found it on level 1 of the Snake Pit)

   It affects your intelligence (+4).
   It lets you blink.
 s - a +7 large shield (worn)
 F - the +5 leather armour of Saciunaa {Int+4}
   (You found it on level 5 of the Dungeon)

   It affects your intelligence (+4).
 G - a +2 cloak of poison resistance (worn)
 H - a +2 pair of gloves of dexterity (worn)
 I - quicksilver dragon scales
 O - a +1 pair of gloves of archery
 V - the +2 chain mail of Atheism {-Tele rF+ SInv}
   (You bought it in a shop on level 2 of the Orcish Mines)

   It protects you from fire.
   It lets you see invisible.
   It prevents most forms of teleportation.
 Y - the +0 chain mail of the Oligarchy {rElec rCorr Dex-3}
   (You bought it in a shop on level 2 of the Orcish Mines)

   It affects your dexterity (-3).
   It insulates you from electricity.
   It provides partial protection from all sources of acid and corrosion.
Jewellery
 d - the amulet "Itivi" (around neck) {+Rage Dex+3}
   (You found it in a Gauntlet)

   [amulet of rage]

   It affects your dexterity (+3).
   It lets you go berserk.
 J - a ring of protection from magic (left hand)
 N - the ring "Rehohuw" (right hand) {rC+ rN+ Int+4}
   (You found it on level 2 of the Lair of Beasts)

   [ring of protection from cold]

   It affects your intelligence (+4).
   It protects you from cold.
   It protects you from negative energy.
 Z - the ring "Gitzot" {Int+3 Dex+2 Stlth+}
   (You took it off a naga ritualist on level 3 of the Snake Pit)

   [ring of intelligence]

   It affects your intelligence (+3).
   It affects your dexterity (+2).
   It makes you more stealthy.
Wands
 m - a wand of digging (17)
 n - a wand of flame (32)
 x - a wand of acid (7)
 P - a wand of iceblast (7)
Scrolls
 e - 4 scrolls of blinking
 i - 27 scrolls of identify
 o - 17 scrolls of remove curse
 w - 5 scrolls of fear
 A - a scroll of holy word
 B - 3 scrolls of teleportation
 K - a scroll of fog
 U - a scroll of magic mapping
Potions
 g - 4 potions of berserk rage
 h - 2 potions of cancellation
 k - 17 potions of curing
 r - a potion of haste
 t - 4 potions of mutation
 u - 12 potions of agility
 v - 4 potions of heal wounds
 z - a potion of resistance
 C - 5 potions of might
 R - 2 potions of invisibility
 X - 2 potions of brilliance
Books
 M - a manual of Fighting
Miscellaneous
 W - a fan of gales
Comestibles
 c - 50 rations


   Skills:
 * Level 16.7 Fighting
 + Level 17.4(18.1) Axes
   Level 7.6(12.3) Maces & Flails
 + Level 6.5 Throwing
 + Level 5.0 Armour
 + Level 9.1 Dodging
 + Level 8.8 Stealth
 + Level 13.3 Shields
 + Level 6.5 Spellcasting
 + Level 6.8 Charms
 * Level 8.6 Necromancy
 + Level 1.9 Translocations
 + Level 7.9 Invocations
 + Level 1.6 Evocations


You had 19 spell levels left.
You knew the following spells:

 Your Spells              Type           Power        Failure   Level  Hunger
a - Regeneration          Chrm/Necr      #####.....   10%         3    ##.....
b - Shroud of Golubria    Chrm/Tloc      ####......   17%         2    None
c - Apportation           Tloc           ###...       30%         1    None
d - Animate Dead          Necr           N/A          21%         4    ####...

Your spell library contained the following spells:

 Spells                   Type           Power        Failure   Level  Hunger
 Animate Skeleton         Necr           N/A          2%          1    None
 Pain                     Necr           ####         2%          1    None
 Corpse Rot               Necr           N/A          3%          2    None
 Vampiric Draining        Necr           ######....   7%          3    ##.....
 Swiftness                Chrm/Air       ###.....     26%         2    None
 Blink                    Tloc           N/A          41%         2    None
 Beastly Appendage        Tmut           #.....       52%         1    None
 Corona                   Hex            #......      52%         1    None
 Flame Tongue             Conj/Fire      #....        52%         1    None
 Magic Dart               Conj           #...         52%         1    None
 Shock                    Conj/Air       #...         52%         1    None
 Summon Small Mammal      Summ           #...         52%         1    None
 Excruciating Wounds      Chrm/Necr      #####.....   58%         5    #####..
 Gell's Gravitas          Tloc           ###.......   63%         3    ##.....
 Lesser Beckoning         Tloc           ###.......   63%         3    ##.....
 Teleport Other           Tloc           ###.....     63%         3    ##.....
 Call Imp                 Summ           #.......     67%         2    None
 Passwall                 Tmut/Erth      #.......     67%         2    None
 Slow                     Hex            #.......     67%         2    None
 Sticks to Snakes         Tmut           #.......     67%         2    None
 Throw Flame              Conj/Fire      #.....       67%         2    None
 Portal Projectile        Hex/Tloc       ##....       75%         3    ##.....
 Recall                   Summ/Tloc      N/A          75%         3    ##.....
 Call Canine Familiar     Summ           #.......     87%         3    ##.....
 Conjure Flame            Conj/Fire      #.......     87%         3    ##.....
 Inner Flame              Hex/Fire       #.......     87%         3    ##.....
 Mephitic Cloud           Conj/Pois/Air  #.......     87%         3    ##.....
 Spider Form              Tmut/Pois      #.........   87%         3    ##.....
 Static Discharge         Conj/Air       #.......     87%         3    ##.....
 Stone Arrow              Conj/Erth      #.....       87%         3    ##.....
 Summon Guardian Golem    Hex/Summ       #.......     87%         3    ##.....
 Passage of Golubria      Tloc           N/A          95%         4    ####...
 Force Lance              Conj/Tloc      ##......     98%         4    ####...
 Iskenderun's Battlesphe  Conj/Chrm      ###.....     98%         5    #####..
 Airstrike                Air            #.........   99%         4    ####...
 Cause Fear               Hex            #.........   99%         4    ####...
 Ice Form                 Ice/Tmut       #.......     99%         4    ####...
 Leda's Liquefaction      Hex/Erth       #.........   99%         4    ####...
 Sticky Flame             Conj/Fire      #.......     99%         4    ####...
 Summon Ice Beast         Ice/Summ       #.......     99%         4    ####...
 Summon Lightning Spire   Summ/Air       #.......     99%         4    ####...
 Blade Hands              Tmut           #.........   100%        5    #####..
 Bolt of Magma            Conj/Fire/Erth #.........   100%        5    #####..
 Fireball                 Conj/Fire      #.........   100%        5    #####..
 Irradiate                Conj/Tmut      #.........   100%        5    #####..
 Lightning Bolt           Conj/Air       #.........   100%        5    #####..
 Metabolic Englaciation   Hex/Ice        #.........   100%        5    #####..
 Silence                  Hex/Air        #.........   100%        5    #####..
 Summon Forest            Summ/Tloc      ##........   100%        5    #####..
 Venom Bolt               Conj/Pois      #.........   100%        5    #####..
 Yara's Violent Unravell  Hex/Tmut       #.........   100%        5    #####..
 Bolt of Cold             Conj/Ice       #.........   100%        6    #######
 Bolt of Fire             Conj/Fire      #.........   100%        6    #######
 Conjure Ball Lightning   Conj/Air       #.........   100%        6    #######
 Deflect Missiles         Chrm/Air       ###.......   100%        6    #######
 Dispersal                Tloc           ###.......   100%        6    #######
 Freezing Cloud           Conj/Ice/Air   #.........   100%        6    #######
 Hydra Form               Tmut           #.........   100%        6    #######
 Iron Shot                Conj/Erth      #.........   100%        6    #######
 Ozocubu's Refrigeration  Ice            #.........   100%        6    #######
 Simulacrum               Ice/Necr       ####......   100%        6    #######
 Statue Form              Tmut/Erth      #........    100%        6    #######
 Dragon Form              Tmut           #.........   100%        7    #######
 Malign Gateway           Summ/Tloc      ##........   100%        7    #######
 Orb of Destruction       Conj           #.........   100%        7    #######
 Spellforged Servitor     Conj/Summ      #.........   100%        7    #######
 Summon Hydra             Summ           #.........   100%        7    #######
 Controlled Blink         Tloc           N/A          100%        8    #######
 Disjunction              Tloc           ###.......   100%        8    #######
 Dragon's Call            Summ           #.........   100%        9    #######
 Tornado                  Air            #.........   100%        9    #######


Dungeon Overview and Level Annotations

Branches:
Dungeon (15/15)            Temple (0/1) D:6            Lair (6/6) D:10
 Shoals (4/4) Lair:3        Snake (4/4) Lair:3        Slime (0/5) Lair:5
    Orc (2/2) D:9             Elf (0/3) Orc:2        Vaults (0/5) D:14
 Depths (0/5) D:15

Altars:
Kikubaaqudgha
Vehumet
The Shining One
Beogh
Jiyva

Shops:
D:9 [(   D:15 =   Orc:2 *=[(


Innate Abilities, Weirdness & Mutations

You can walk on water.
You have a pair of small horns on your head.
You are partially covered in yellow scales. (AC +2)
Your spells are a little harder to cast, but a little more powerful.


Message History

The harpy claws you but does no damage. You block the harpy's attack.
The harpy claws Garbold but does no damage.
The harpy claws Garbold!
The harpy claws you but does no damage. The harpy closely misses you.
The harpy misses you. The harpy claws you but does no damage.
A sea snake comes into view.
The merfolk impaler completely misses you.
The merfolk siren chants its luring song.
The harpy claws you but does no damage. You block the harpy's attack.
The harpy claws Garbold but does no damage.
The harpy claws Garbold.
The harpy misses you. The harpy closely misses you.
Garbold splashes around in the water.
The snapping turtle closely misses you. The merfolk completely misses you.
A merfolk impaler comes into view.
It is wielding a +2 vampiric demon trident.
The harpy claws you but does no damage. The harpy barely misses you.
The snapping turtle closely misses you. The merfolk siren closely misses you.
The merfolk hits you from afar with a +0 trident!
* * * LOW HITPOINT WARNING * * *
The merfolk impaler hits you with a +0 trident!
You die...

...≈≈≈ ≈ ..≈≈≈≈
≈ #.≈≈≈≈##≈
≈≈≈≈≈≈≈#######.
##≈≈≈≈≈≈≈=#.≈≈[
#≈≈≈mmttm≈m≈≈≈.
#≈≈≈mHm)H..≈≈≈.
##≈≈mH@oo!..≈≈.
#≈≈≈≈H≈ooo.....
##≈≈≈H≈(o......
#≈≈≈≈<.)......
#≈H≈≈≈≈≈≈S......
#≈S≈≈≈≈≈≈≈.....#
≈.≈≈m.≈≈≈m.....#
S≈≈.#..≈.≈..m..#
........≈.....##


You could see 2 merfolk impalers, a merfolk javelineer, 3 sea snakes, 2 snapping
turtles, 4 merfolk, a manticore, 3 merfolk sirens, 5 harpies, the friendly
Wardok the orc warlord, the friendly Bogdar the orc knight, the friendly Bogfrid
the orc knight, the friendly Garbold the orc knight, the friendly Korbok the orc
knight and the friendly Olfrun the orc knight.

Vanquished Creatures
  A thorn hunter (Lair:6)
  Ilsuiw (Shoals:2)
  6 nagarajas
  The ghost of Phong the Scorcher, a journeyman DrFE of Vehumet (Orc:2)
  A minotaur (Gauntlet)
  A fire dragon (D:15)
  Josephine (Shoals:1)
  An ogre mage (D:15)
  2 merfolk javelineers
  A yaktaur captain (D:15)
  8 naga warriors
  A vault guard (D:14)
  2 ice dragons
  4 hydras
  2 catoblepae (Lair:6)
  2 anacondas (Snake:3)
  The ghost of Sammaje the Cleaver, a novice MiBe of Trog (Lair:1)
  4 centaur warriors
  A tengu warrior (D:13)
  A satyr (Shoals:3)
  2 shock serpents
  8 two-headed ogres
  7 naga sharpshooters
  A death yak (Lair:6)
  Sonja (Lair:2)
  An orc high priest (Orc:2)
  3 salamander mystics
  3 sea snakes
  2 naga ritualists
  6 harpies
  4 oklob plants
  A mana viper (Snake:3)
  2 deep elf magi (D:13)
  2 cyclopes (Shoals:3)
  2 ugly things (IceCv)
  3 manticores
  A faun (Shoals:2)
  4 salamanders
  2 elephants
  3 ice statues (IceCv)
  2 water nymphs
  10 naga magi
  9 black mambas
  2 merfolk sirens (Shoals:3)
  A redback zombie (D:15)
  5 spiny frogs
  A rime drake (Lair:3)
  A kobold demonologist (D:13)
  A yaktaur (D:15)
  3 komodo dragons
  A meliai (D:13)
  7 merfolk
  A polar bear (Lair:6)
  8 trolls
  A tengu conjurer (D:13)
  5 hippogriffs
  2 wind drakes
  Prince Ribbit (D:6)
  2 snapping turtles
  2 raiju (Gauntlet)
  3 blink frogs (Lair:6)
  9 dream sheep
  A centaur simulacrum (Gauntlet)
  Sigmund (D:2)
  5 water elementals
  3 shadows (Gauntlet)
  4 wraiths (Shoals:1)
  17 yaks
  2 wyverns
  A vampire mosquito (D:14)
  A hungry ghost (D:13)
  A warg (Lair:1)
  19 nagas
  An acid dragon (D:14)
  A soldier ant (D:10)
  7 porcupines
  7 water moccasins
  5 orc warriors
  5 sky beasts
  11 wolves
  8 ice beasts
  2 necrophages
  16 centaurs
  7 ogres
  A phantom (D:6)
  12 crocodiles
  8 bullfrogs
  3 jellies
  A scorpion (D:9)
  5 killer bees
  9 wights
  2 electric eels
  A howler monkey (D:8)
  3 bullfrog zombies
  2 centaur zombies
  6 crimson imps
  9 hounds
  7 orc wizards
  A bullfrog skeleton (D:5)
  4 orc priests
  A wyvern simulacrum (Gauntlet)
  A centaur skeleton (D:10)
  An iguana (D:13)
  4 hell rats (Lair:5)
  A lightning spire (Gauntlet)
  4 worker ants
  2 bullfrog simulacra (Gauntlet)
  2 hound zombies
  3 hound skeletons
  7 gnolls (D:9)
  16 adders
  4 shadow imps
  3 white imps (Lair:5)
  2 adder zombies
  An adder skeleton (D:5)
  3 dart slugs
  3 leopard geckos
  22 orcs
  2 giant cockroaches
  9 goblins
  10 hobgoblins
  8 jackals
  5 quokkas
  8 bats
  3 frilled lizards
  A jackal skeleton (D:4)
  2 jackal zombies
  14 kobolds
  A leopard gecko skeleton (D:5)
  4 rats
  3 fungi
  4 plants
530 creatures vanquished.

Vanquished Creatures (collateral kills)
  Rupert (Lair:5)
  Frances (Shoals:1)
  Agnes (D:14)
  5 nagarajas
  Roxanne (Shoals:1)
  An orc warlord (Orc:2)
  Nessos (Lair:5)
  An ettin (D:13)
  4 merfolk impalers
  An ogre mage (D:13)
  10 naga warriors
  5 hydras
  A merfolk avatar (Shoals:1)
  4 anacondas
  A death knight (D:14)
  4 death yaks (Lair:6)
  A tengu warrior (D:14)
  5 two-headed ogres
  A deep troll shaman (Lair:6)
  3 merfolk aquamancers
  10 naga sharpshooters
  5 sea snakes
  3 salamander mystics
  8 naga ritualists
  10 harpies
  3 orc knights (Orc:2)
  A mana viper (Snake:1)
  2 orc sorcerers (Orc:2)
  3 manticores
  3 cyclopes
  3 ugly things (D:15)
  A centaur zombie (D:15)
  7 salamanders
  10 black mambas
  22 naga magi
  8 elephants
  2 water nymphs
  2 guardian serpents
  3 centaur skeletons
  3 spiny frogs
  2 rime drakes
  3 komodo dragons
  A yaktaur (D:13)
  4 freezing wraiths
  A polar bear (Lair:6)
  A meliai (D:13)
  3 trolls (Orc:2)
  A hornet (D:13)
  7 merfolk
  A snapping turtle (Shoals:4)
  6 dream sheep
  7 hippogriffs
  3 blink frogs (Lair:6)
  19 yaks
  2 water elementals (Shoals:4)
  4 wyverns
  3 basilisks
  3 wraiths
  A hungry ghost (D:15)
  A warg (Orc:2)
  3 vampire mosquitoes
  17 nagas
  A soldier ant (Lair:5)
  4 water moccasins
  5 porcupines
  9 orc warriors
  A necrophage (D:11)
  A phantom (D:11)
  6 ogres
  6 centaurs
  7 wolves
  4 crocodiles
  2 big kobolds
  5 bullfrogs
  A killer bee (D:9)
  11 wights
  2 orc priests
  An iguana (D:9)
  3 orc wizards
  2 hell rats (Lair:5)
  2 worker ants (D:14)
  A gnoll (D:9)
  An adder (D:10)
  A shadow imp (D:15)
  A leopard gecko (D:10)
  6 orcs
  2 kobolds
  A bush (Lair:3)
  21 fungi
  27 plants
  A withered plant (D:11)
389 creatures vanquished.

Vanquished Creatures (others)
  An orc warlord (Snake:4)
  Urug (D:13)
  A naga warrior (Snake:4)
  3 orc high priests
  7 orc knights
  6 orc warriors
  A troll (D:14)
  An orc priest (Orc:1)
  7 orc wizards
  17 orcs
  A briar patch (Lair:6)
  A bush (Lair:5)
  11 fungi
  5 plants
63 creatures vanquished.

Grand Total: 982 creatures vanquished

Notes
Turn   | Place    | Note
-------+----------+-------------------------------------------
     0 | D:1      | dvd the Hill Orc Monk began the quest for the Orb.
     0 | D:1      | Reached XP level 1. HP: 19/19 MP: 1/1
   152 | D:1      | Reached XP level 2. HP: 27/27 MP: 2/2
   433 | D:2      | Noticed Sigmund
   551 | D:2      | Reached XP level 3. HP: 33/33 MP: 3/3
   713 | D:2      | Reached XP level 4. HP: 38/40 MP: 4/4
  1328 | D:2      | Killed Sigmund
  1328 | D:2      | Reached skill level 5 in Axes
  1328 | D:2      | Reached skill level 1 in Throwing
  1328 | D:2      | Reached XP level 5. HP: 47/47 MP: 5/5
  1483 | D:2      | Reached XP level 6. HP: 53/53 MP: 6/6
  1655 | D:2      | Found a glowing golden altar of the Shining One.
  2701 | D:4      | Reached skill level 6 in Axes
  3113 | D:4      | Reached skill level 1 in Armour
  3113 | D:4      | Reached skill level 1 in Shields
  3114 | D:4      | Reached XP level 7. HP: 19/60 MP: 7/7
  3407 | D:4      | Became a worshipper of Beogh the Brigand
  3407 | D:4      | Reached * piety under Beogh
  3407 | D:4      | Reached ** piety under Beogh
  3880 | D:5      | Entered Level 5 of the Dungeon
  3944 | D:5      | Got a scorched leather armour
  3961 | D:5      | Identified the +5 leather armour of Saciunaa {Int+4} (You
                  | found it on level 5 of the Dungeon)
  4238 | D:5      | Reached XP level 8. HP: 63/67 MP: 8/8
  4574 | D:4      | Reached skill level 5 in Fighting
  4574 | D:4      | Reached skill level 7 in Axes
  4574 | D:4      | Reached skill level 1 in Invocations
  5089 | D:6      | Reached skill level 5 in Shields
  5130 | D:6      | Found a staircase to the Ecumenical Temple.
  5538 | D:6      | Noticed Prince Ribbit
  5659 | D:6      | Killed Prince Ribbit
  5659 | D:6      | Reached skill level 8 in Axes
  5659 | D:6      | Reached XP level 9. HP: 47/74 MP: 10/12
  5815 | D:6      | Got an ichor-stained leather armour
  5826 | D:6      | Identified the +5 leather armour "Ociateme" {Slay+3 Stlth+}
                  | (You found it on level 6 of the Dungeon)
  6088 | D:7      | Reached skill level 5 in Invocations
  6447 | D:7      | Reached skill level 9 in Axes
  7177 | D:8      | Reached *** piety under Beogh
  7318 | D:9      | Noticed a two-headed ogre
  7325 | D:9      | Killed a two-headed ogre
  7325 | D:9      | Reached skill level 10 in Axes
  7325 | D:9      | Reached XP level 10. HP: 57/84 MP: 14/14
  7376 | D:9      | Found an ancient bone altar of Kikubaaqudgha.
  7479 | D:9      | Found Duycash's Armour Shoppe.
  7479 | D:9      | Found a staircase to the Orcish Mines.
  7479 | D:9      | Found Tuosuys's Weapon Shoppe.
  7489 | D:9      | Bought a +2 cloak of poison resistance for 259 gold pieces
  7516 | D:9      | Bought a +2 pair of gloves of dexterity for 301 gold pieces
  7691 | D:9      | Noticed a two-headed ogre
  7699 | D:9      | Killed a two-headed ogre
  7721 | D:9      | Reached skill level 5 in Throwing
  7803 | D:9      | Reached skill level 5 in Dodging
  7804 | D:9      | Reached skill level 11 in Axes
  7971 | D:10     | Entered Level 10 of the Dungeon
  8026 | D:10     | Gained Warrok as an ally
  8108 | D:10     | Found a staircase to the Lair.
  8115 | D:10     | Reached XP level 11. HP: 73/92 MP: 15/15
  8116 | D:10     | Reached skill level 12 in Axes
  8122 | D:10     | Reached **** piety under Beogh
  8300 | D:10     | Noticed a two-headed ogre
  8307 | D:10     | Killed a two-headed ogre
  8700 | Lair:1   | Entered Level 1 of the Lair of Beasts
  8961 | Lair:1   | Got a pitted dire flail
  8962 | Lair:1   | Identified the +4 dire flail "Moipturr" {crush, rElec
                  | Str+5} (You found it on level 1 of the Lair of Beasts)
  9038 | Lair:1   | Found a runed translucent door.
  9050 | Lair:1   | Noticed Sammaje's ghost (novice MiBe)
  9519 | Lair:1   | Noticed a seven-headed hydra
  9526 | Lair:1   | Killed an eight-headed hydra
  9526 | Lair:1   | Reached skill level 1 in Maces & Flails
 10337 | Lair:2   | Found a gate leading to a gauntlet.
 10346 | Gauntlet | Entered a Gauntlet
 10346 | Gauntlet | Found a transporter.
 10346 | Gauntlet | Found a transporter.
 10348 | Gauntlet | Found a transporter.
 10348 | Gauntlet | Found a transporter.
 10369 | Gauntlet | Found a transporter.
 10376 | Gauntlet | Found a runed translucent door.
 10379 | Gauntlet | Found a transporter.
 10381 | Gauntlet | Found a transporter.
 10389 | Gauntlet | Found a transporter.
 10406 | Gauntlet | Found a transporter.
 10420 | Gauntlet | Found a transporter.
 10424 | Gauntlet | Found a transporter.
 10432 | Gauntlet | Found a transporter.
 10738 | Gauntlet | Got a slimy platinum amulet
 10740 | Gauntlet | Identified the amulet "Itivi" {+Rage Dex+3} (You found it
                  | in a Gauntlet)
 10936 | Gauntlet | Identified the Disquisition on Lucky Dislocation
 10958 | Gauntlet | Learned a level 3 spell: Regeneration
 11040 | Gauntlet | Identified the cursed +0 arbalest of Experimentation {elec,
                  | rPois}
 11040 | Gauntlet | Noticed a minotaur
 11056 | Gauntlet | Killed a minotaur
 11072 | Gauntlet | Identified Sif Muna's Tome of Dislocation
 11075 | Gauntlet | Identified the Tome of Transmigration
 11080 | Gauntlet | Identified Liteylot's Almanac of Talismans
 11081 | Gauntlet | Found the +3 salamander hide armour {+Rage rF++}
 11085 | Gauntlet | Got a warped hand crossbow
 11097 | Gauntlet | Identified the +5 hand crossbow "Leunofe" {penet, *Corrode
                  | Fragile MR++ Stlth+} (You found it in a Gauntlet)
 11308 | Lair:2   | Reached skill level 1 in Necromancy
 11323 | Lair:2   | Reached skill level 1 in Spellcasting
 11569 | Lair:2   | Reached skill level 1 in Charms
 11573 | Lair:2   | Reached XP level 12. HP: 104/104 MP: 16/16
 11630 | Lair:2   | Gained mutation: You are frail. (-10% HP) [potion of
                  | mutation]
 11630 | Lair:2   | Gained mutation: You are partially covered in yellow
                  | scales. (AC +2) [potion of mutation]
 11631 | Lair:2   | Lost mutation: You are frail. (-10% HP) [potion of
                  | mutation]
 11631 | Lair:2   | Gained mutation: Scrolls take you a little longer to read.
                  | [potion of mutation]
 11631 | Lair:2   | Gained mutation: You have a pair of small antennae on your
                  | head. [potion of mutation]
 11631 | Lair:2   | Gained mutation: You have sharp toenails. [potion of
                  | mutation]
 11632 | Lair:2   | Lost mutation: Scrolls take you a little longer to read.
                  | [potion of mutation]
 11632 | Lair:2   | Lost mutation: You have sharp toenails. [potion of
                  | mutation]
 11632 | Lair:2   | Lost mutation: You have a pair of small antennae on your
                  | head. [potion of mutation]
 11632 | Lair:2   | Gained mutation: You have a pair of small horns on your
                  | head. [potion of mutation]
 11632 | Lair:2   | Gained mutation: Your spells are a little harder to cast,
                  | but a little more powerful. [potion of mutation]
 11641 | Lair:2   | Noticed Sonja
 11645 | Lair:2   | Killed Sonja
 12028 | Lair:2   | Got a scintillating amber ring
 12030 | Lair:2   | Identified the ring "Rehohuw" {rC+ rN+ Int+4} (You found it
                  | on level 2 of the Lair of Beasts)
 12540 | Lair:3   | Reached skill level 1 in Evocations
 12576 | Lair:3   | Reached skill level 5 in Stealth
 12581 | Lair:3   | Found a staircase to the Shoals.
 12591 | Lair:3   | Reached skill level 5 in Maces & Flails
 12621 | Lair:3   | Found a frozen archway.
 12754 | IceCv    | Entered an ice cave
 13188 | Lair:3   | Noticed a five-headed hydra
 13192 | Lair:3   | Killed a seven-headed hydra
 13192 | Lair:3   | Gained Orik as an ally
 13361 | Lair:3   | Found a staircase to the Snake Pit.
 13406 | Lair:3   | Reached ***** piety under Beogh
 13661 | Lair:3   | Noticed Urug
 13944 | Lair:4   | Reached skill level 10 in Fighting
 14034 | Lair:4   | Noticed a seven-headed hydra
 14039 | Lair:4   | Killed a seven-headed hydra
 14039 | Lair:4   | Reached skill level 13 in Axes
 14135 | Lair:4   | Gained Gorm as an ally
 14248 | Lair:4   | Got a shimmering long sword
 14249 | Lair:4   | Identified the +2 long sword "Keer" {slice, rF++ Dex+3}
                  | (You found it on level 4 of the Lair of Beasts)
 14325 | Lair:4   | Noticed a four-headed hydra
 14332 | Lair:4   | Killed a four-headed hydra
 14332 | Lair:4   | Reached XP level 13. HP: 89/113 MP: 17/17
 15120 | Lair:5   | Noticed Rupert
 15133 | Lair:5   | Killed Rupert
 15357 | Lair:5   | Learned a level 2 spell: Shroud of Golubria
 15359 | Lair:5   | Learned a level 1 spell: Apportation
 15444 | Lair:5   | Found a staircase to the Slime Pits.
 15451 | Lair:5   | Noticed an ice dragon
 15459 | Lair:5   | Killed an ice dragon
 15489 | Lair:5   | Got a faintly glowing morningstar
 15490 | Lair:5   | Identified the +3 morningstar of Koxiecik {crush, +Blink
                  | +Inv Str-4 Int+2} (You found it on level 5 of the Lair of
                  | Beasts)
 15505 | Lair:5   | Found a viscous altar of Jiyva.
 15520 | Lair:5   | Reached skill level 1 in Translocations
 15538 | Lair:5   | Noticed Nessos
 15544 | Lair:5   | Killed Nessos
 15884 | Lair:5   | Learned a level 4 spell: Animate Dead
 15970 | Lair:6   | Entered Level 6 of the Lair of Beasts
 15987 | Lair:6   | Reached skill level 14 in Axes
 16256 | Lair:6   | Reached skill level 5 in Armour
 16258 | Lair:6   | Reached skill level 5 in Necromancy
 16379 | Lair:6   | Got a translucent hand crossbow
 16380 | Lair:6   | Identified the +7 hand crossbow "Meramump" {penet, rN+
                  | Str+2} (You found it on level 6 of the Lair of Beasts)
 16391 | Lair:6   | Reached XP level 14. HP: 105/124 MP: 20/20
 16881 | Lair:6   | Reached skill level 5 in Charms
 17344 | Lair:6   | Noticed a thorn hunter
 17344 | Lair:6   | an oklob plant changed into a thorn hunter
 17359 | Lair:6   | Killed a thorn hunter
 18875 | D:12     | Reached skill level 5 in Spellcasting
 19168 | Orc:1    | Entered Level 1 of the Orcish Mines
 19178 | Orc:1    | Found a roughly hewn altar of Beogh.
 19321 | Orc:2    | Entered Level 2 of the Orcish Mines
 19334 | Orc:2    | Found Zaumaj's General Store.
 19404 | Orc:2    | Reached skill level 15 in Axes
 19415 | Orc:2    | Found Xuvvim's Jewellery Emporium.
 19416 | Orc:2    | Noticed an orc warlord
 19425 | Orc:2    | Killed an orc warlord
 19425 | Orc:2    | Gained Korbok as an ally
 19611 | Orc:2    | Found Vuppiati's Antique Weapon Emporium.
 19620 | Orc:2    | Bought a crystal war axe for 229 gold pieces
 19620 | Orc:2    | Identified the +12 war axe "Esikh" {chop, Dex+4} (You
                  | bought it in a shop on level 2 of the Orcish Mines)
 19668 | Orc:2    | Found Ryett's Antique Armour Boutique.
 19696 | Orc:2    | Found a staircase to the Elven Halls.
 19737 | Orc:2    | Found a runed translucent gate.
 19738 | Orc:2    | Found a runed translucent gate.
 19739 | Orc:2    | Found a runed translucent gate.
 19741 | Orc:2    | Noticed Phong's ghost (journeyman DrFE)
 19760 | Orc:2    | Killed Phong's ghost
 19957 | Orc:2    | Bought a translucent chain mail for 247 gold pieces
 19957 | Orc:2    | Bought a slimy chain mail for 247 gold pieces
 19967 | Orc:2    | Identified the +2 chain mail of Atheism {-Tele rF+ SInv}
                  | (You bought it in a shop on level 2 of the Orcish Mines)
 19977 | Orc:2    | Identified the cursed +0 chain mail of the Oligarchy {rElec
                  | rCorr Dex-3} (You bought it in a shop on level 2 of the
                  | Orcish Mines)
 20127 | D:13     | Gained Herok as an ally
 20341 | D:13     | Your ally died
 20350 | D:13     | Identified the Compendium of Idealism
 20364 | D:13     | Found the +4 robe of Augmentation {Str+4 Int+4 Dex+4}
 20783 | D:14     | Reached ****** piety under Beogh
 20793 | D:14     | Reached XP level 15. HP: 89/134 MP: 22/22
 20828 | D:14     | Noticed Agnes
 20833 | D:14     | Killed Agnes
 20833 | D:14     | Reached skill level 16 in Axes
 21355 | D:14     | Gained Garbold as an ally
 21458 | D:14     | Found a gate to the Vaults.
 21624 | D:15     | Entered Level 15 of the Dungeon
 21658 | D:15     | Gained Blodwig as an ally
 21658 | D:15     | Gained Olfrun as an ally
 21661 | D:15     | Gained Bogfrid as an ally
 21676 | D:15     | Gained Blodwig as an ally
 21951 | D:15     | Found Pukuemin's Jewellery Boutique.
 22098 | D:15     | Found a staircase to the Depths.
 22279 | D:15     | Upgraded the game from 0.23-b1-70-gd12f7cf to
                  | 0.23-b1-84-g6588a6b
 22504 | Snake:1  | Entered Level 1 of the Snake Pit
 22536 | Snake:1  | Your ally Gorm died
 22635 | Snake:1  | Reached skill level 10 in Shields
 22750 | Snake:1  | Got a translucent leather armour
 22751 | Snake:1  | Identified the +2 leather armour of Guahumem {+Blink Int+4}
                  | (You found it on level 1 of the Snake Pit)
 23239 | Snake:2  | Got a warped war axe
 23351 | Snake:2  | Noticed a nagaraja
 23360 | Snake:2  | Killed a nagaraja
 23360 | Snake:2  | Gained Bogdar as an ally
 23386 | Snake:2  | Gained Wardok as an ally
 23481 | Snake:2  | Found a glowing golden altar of the Shining One.
 23571 | Snake:2  | Identified the +0 war axe of Qariogri {freeze, Str+4} (You
                  | found it on level 2 of the Snake Pit)
 24077 | Snake:3  | Reached XP level 16. HP: 142/147 MP: 21/24
 24191 | Snake:3  | Found a transporter.
 24287 | Snake:3  | Noticed a nagaraja
 24287 | Snake:3  | Noticed a nagaraja
 24651 | Snake:3  | Noticed a nagaraja
 24651 | Snake:3  | Noticed a nagaraja
 24654 | Snake:3  | Noticed a nagaraja
 24778 | Snake:3  | Found a radiant altar of Vehumet.
 24973 | Snake:3  | Killed a nagaraja
 24976 | Snake:3  | Your ally Bogfrid died
 24983 | Snake:3  | Killed a nagaraja
 24986 | Snake:3  | Killed a nagaraja
 24990 | Snake:3  | Killed a nagaraja
 24994 | Snake:3  | Killed a nagaraja
 24994 | Snake:3  | Reached skill level 15 in Fighting
 25047 | Snake:3  | Found a transporter.
 25089 | Snake:3  | Got a vibrating lapis lazuli ring
 25091 | Snake:3  | Identified the ring "Gitzot" {Int+3 Dex+2 Stlth+} (You took
                  | it off a naga ritualist on level 3 of the Snake Pit)
 25150 | Snake:4  | Entered Level 4 of the Snake Pit
 25345 | Snake:4  | Noticed a nagaraja
 25348 | Snake:4  | Noticed a nagaraja
 25353 | Snake:4  | Killed a nagaraja
 25356 | Snake:4  | Noticed a nagaraja
 25363 | Snake:4  | Killed a nagaraja
 25367 | Snake:4  | Your ally Warrok died
 25368 | Snake:4  | Killed a nagaraja
 25598 | Snake:4  | Your ally Gorm died
 25824 | Snake:4  | Noticed a nagaraja
 25834 | Snake:4  | Killed a nagaraja
 25838 | Snake:4  | Reached skill level 17 in Axes
 25840 | Snake:4  | Your ally Herok died
 25843 | Snake:4  | Noticed a nagaraja
 25846 | Snake:4  | Your ally Blodwig died
 25871 | Snake:4  | Your ally Orik died
 26009 | Snake:4  | Reached XP level 17. HP: 137/156 MP: 22/26
 26083 | Snake:4  | Got a serpentine rune of Zot
 26434 | Lair:1   | Killed Sammaje's ghost
 26521 | Shoals:1 | Entered Level 1 of the Shoals
 26586 | Shoals:1 | Noticed Frances
 26593 | Shoals:1 | Killed Frances
 26606 | Shoals:1 | Identified Roxanne's Collected Works on Transformation
 26606 | Shoals:1 | Noticed Roxanne
 26619 | Shoals:1 | Killed Roxanne
 26738 | Shoals:1 | Noticed Josephine
 26745 | Shoals:1 | Killed Josephine
 27405 | Shoals:2 | Your ally Bogdar died
 27526 | Shoals:2 | Your ally Blodwig died
 27923 | Shoals:2 | Noticed Ilsuiw
 27935 | Shoals:2 | Killed Ilsuiw
 29037 | Shoals:4 | Entered Level 4 of the Shoals
 29051 | Shoals:4 | Identified the +4 mace of Zin's Castigation {holy, rC+
                  | Str+4 SInv}
 29058 | Shoals:4 | HP: 4/160 [harpy (8)]
 29061 | Shoals:4 | Slain by a merfolk impaler

Skill      XL: |  1  2  3  4  5  6  7  8  9 10 11 12 13 14 15 16 17 |
---------------+----------------------------------------------------+-----
Fighting       | 4 5 6 7 9 10 11 12 14 15 16 | 16.7
Dodging        | 3 4 5 6 7 8 9 |  9.1
Stealth        | 2 3 4 5 6 8 |  8.8
Axes           | 5 6 8 10 11 12 13 14 15 16 17 | 17.4
Throwing       | 1 2 4 5 6 |  6.5
Armour         | 1 2 3 4 5 |  5.0
Shields        | 1 3 5 6 7 8 10 12 13 | 13.3
Invocations    | 4 5 6 7 |  7.9
Maces & Flails | 4 6 7 |  7.6
Necromancy     | 1 3 5 6 7 8 |  8.6
Spellcasting   | 1 3 4 5 6 |  6.5
Charms         | 1 3 4 5 6 |  6.8
Evocations     | 1 |  1.6
Translocations | 1 |  1.9

Action                   |  1- 3 |  4- 6 |  7- 9 | 10-12 | 13-15 | 16-18 || total
-------------------------+-------+-------+-------+-------+-------+-------++-------
Melee: Hand axe          |    82 |   106 |   347 |       |       |       ||   535
       War axe           |       |       |    77 |   120 |   231 |   341 ||   769
       Dire flail        |       |       |       |   204 |    80 |       ||   284
       Headbutt          |       |       |       |    42 |   136 |   131 ||   309
       Executioner's axe |       |       |       |    34 |   138 |       ||   172
Throw: Javelin           |    11 |    35 |    90 |    57 |    42 |     8 ||   243
 Cast: Regeneration      |       |       |       |     5 |    37 |    31 ||    73
       Shroud of Golubri |       |       |       |       |     2 |     1 ||     3
       Animate Dead      |       |       |       |       |       |     7 ||     7
Invok: Smiting           |       |       |     7 |     3 |    12 |     3 ||    25
       Convert to Beogh  |       |       |     1 |       |       |       ||     1
       Recall Orcish Fol |       |       |       |     5 |    37 |    22 ||    64
       Give Item to Name |       |       |       |     1 |    12 |       ||    13
       Resurrection      |       |       |       |       |     1 |     2 ||     3
Evoke: Wand              |       |       |       |    13 |     6 |     5 ||    24
       Fan of gales      |       |       |       |       |       |     1 ||     1
  Use: Potion            |       |     2 |       |    11 |     5 |     7 ||    25
       Scroll            |       |       |    13 |     9 |    12 |     7 ||    41
 Stab: Sleeping          |     4 |       |     5 |    15 |    25 |    17 ||    66
       Distracted        |       |     1 |       |     2 |    16 |     6 ||    25
       Invisible         |       |       |       |     2 |       |       ||     2
       Petrified         |       |       |       |       |     3 |       ||     3
  Eat: Chunk             |       |    16 |    14 |    15 |    24 |    14 ||    83
       Ration            |       |       |       |       |     4 |     2 ||     6
Armor: Robe              |    38 |    14 |       |       |    19 |    75 ||   146
       Ring mail         |       |    47 |    36 |       |       |       ||    83
       Leather armour    |       |       |    68 |   125 |   115 |       ||   308
Dodge: Dodged            |    71 |    72 |    93 |   202 |   317 |   192 ||   947
Block: Large shield      |       |    45 |   342 |   114 |   258 |   553 ||  1312
